 Dungeon Crawl Stone Soup version 0.24.0-125-gc4c63601f3 (webtiles) character file.

Game seed: 15674744114132375764, levelgen mode: deterministic

1583 Johnny the Digger (level 8, -15/66 HPs)
             Began as a Demigod Earth Elementalist on Mar 9, 2020.
             Hit by a large rock thrown by a cyclops (36 damage)
             ... on level 6 of the Dungeon.
             The game lasted 00:05:38 (4310 turns).

Johnny the Digger (Demigod Earth Elementalist)      Turns: 4310, Time: 00:05:39

Health: -15/66     AC:  2    Str: 18    XL:     8   Next: 34%
Magic:  16/21      EV: 12    Int: 27    God:
Gold:   334        SH:  0    Dex: 16    Spells: 6/19 levels left

rFire    . . .     SeeInvis .   B - +7 scimitar "Hootuts" {holy, *Rage rElec Str+7 Int+4}
rCold    . . .     Gourm    .   (no shield)
rNeg     . . .     Faith    .   c - +0 robe
rPois    +         Spirit   .   (no helmet)
rElec    +         Reflect  .   (no cloak)
rCorr    .         Harm     .   (no gloves)
MR       .....     Rnd*Rage +   (no boots)
Stlth    ++........             A - amulet of the acrobat
HPRegen  0.21/turn              w - ring of poison resistance
MPRegen  0.17/turn              v - ring of wizardry

@: berserk cooldown, very slightly contaminated, slowed, studying Fighting, very
slow
A: high mp 1
a: no special abilities


You were on level 6 of the Dungeon.
You were hungry.

You visited 1 branch of the dungeon, and saw 6 of its levels.

You collected 334 gold pieces.

Inventory:

Hand Weapons
 z - a +1 spear of venom
 B - the +7 scimitar "Hootuts" (weapon) {holy, *Rage rElec Str+7 Int+4}
   (You found it on level 4 of the Dungeon)

   It has been blessed by the Shining One to cause great damage to the undead
   and demons.
   It affects your strength (+7).
   It affects your intelligence (+4).
   It insulates you from electricity.
   It may make you go berserk in combat.
Missiles
 b - 50 stones (quivered)
Armour
 c - a +0 robe (worn)
Jewellery
 s - an uncursed ring of fire
 v - a ring of wizardry (right hand)
 w - a ring of poison resistance (left hand)
 y - an uncursed ring of protection from magic {unknown}
 A - an amulet of the acrobat (around neck)
 F - an uncursed ring of stealth {unknown}
Wands
 C - a wand of acid (2)
 D - a wand of flame (25)
Scrolls
 a - a scroll of remove curse
 e - a scroll of fog
 i - 3 scrolls of teleportation
 j - 3 scrolls of amnesia {unknown}
 o - a scroll of enchant weapon
 q - 2 scrolls of immolation
 t - a scroll of magic mapping
 u - a scroll of random uselessness {unknown}
 x - 2 scrolls of fear {unknown}
 H - a scroll of identify
Potions
 g - a potion of haste
 h - a potion of degeneration {unknown}
 k - a potion of magic {unknown}
 l - 2 potions of curing
 n - 2 potions of cancellation
 p - 2 potions of invisibility
 G - a potion of agility {unknown}
Books
 E - a manual of Fighting
Comestibles
 d - 8 rations


   Skills:
 + Level 4.0 Fighting
 - Level 1.7 Dodging
 - Level 1.7 Stealth
 + Level 6.3 Spellcasting
 - Level 0.8 Transmutations
 + Level 7.2 Earth Magic


You had 6 spell levels left.
You knew the following spells:

 Your Spells              Type           Power        Failure   Level  Hunger
a - Sandblast             Erth           #####.       1%          1    None
b - Stone Arrow           Conj/Erth      ####..       1%          3    None
c - Lee's Rapid Deconstr  Erth           #####.....   3%          5    #####..
d - Petrify               Tmut/Erth      ####....     4%          4    ###....

Your spell library contained the following spells:

 Spells                   Type           Power        Failure   Level  Hunger
 Passwall                 Tmut/Erth      ####....     1%          2    None


Dungeon Overview and Level Annotations

Branches:
Dungeon (6/15)
 Temple: D:4-7

Shops:
D:4 }


Innate Abilities, Weirdness & Mutations

You have an increased reservoir of magic. (+10% MP)


Message History

Unknown command.
Casting: Sandblast (safe; 1% risk of failure)
Confirm with . or Enter, or press ? or * to list all spells.
Aiming: Lee's Rapid Deconstruction (safe; 3% risk of failure)
Press: ? - help, Dir - move target cursor A rock wall.
You miscast Lee's Rapid Deconstruction.
You are very lightly contaminated with residual magic.
You momentarily stiffen.
The worker ant zombie bites you. The cyclops hits you!!
The worker ant zombie misses you.
Unknown command.
Unknown command.
Unknown command.
Okay, then.
Blink to where?
Press: ? - help, Dir - move target cursor
As you read the scroll of blinking, it crumbles to dust.
The cyclops throws a large rock.
The large rock hits you!!!
Ouch! That really hurt!
You die...

#[###.#..... ..
#..)CZ#...####..
#.....#ยง.........$.
#.### #[###........
#............
#..!..#.........
#.###.#...#+##.
#(....#...#.#######
.....#..@...........#
.....#.###..........#
....#..............#
#.....#...#.(.#####
#....#...######
#..[.#.(......#
#.............#
#.............# ###
#...#.#......##


You could see a cyclops.

Vanquished Creatures
  The ghost of Kagalorn the Magician, an amateur GnWn (D:4)
  Sigmund (D:4)
  2 ogres
  2 phantoms (D:4)
  2 centaurs (D:5)
  A bullfrog (D:6)
  A scorpion (D:5)
  A crimson imp (D:4)
  A hound (D:4)
  2 centaur skeletons
  4 orc priests
  2 worker ants
  A hound skeleton (D:6)
  14 gnolls
  7 adders
  A shadow imp (D:5)
  An ooze (D:2)
  2 adder zombies
  2 worms
  2 leopard geckos
  9 orcs
  3 ball pythons
  12 bats
  A giant cockroach (D:3)
  5 goblins
  A hobgoblin (D:2)
  13 jackals
  2 frilled lizards
  9 kobolds
  A leopard gecko skeleton (D:5)
  A quokka zombie (D:5)
  8 rats
115 creatures vanquished.

Vanquished Creatures (others)
  3 plants (D:4)
3 creatures vanquished.

Grand Total: 118 creatures vanquished

Notes
Turn   | Place    | Note
-------+----------+-------------------------------------------
     0 | D:1      | Johnny the Demigod Earth Elementalist began the quest for
                  | the Orb.
     0 | D:1      | Reached XP level 1. HP: 14/14 MP: 5/5
   218 | D:1      | Reached skill level 3 in Earth Magic
   309 | D:1      | Reached XP level 2. HP: 10/20 MP: 4/7
   695 | D:2      | Found a shimmering altar of Xom.
   696 | D:2      | Found a shimmering altar of Xom.
   698 | D:2      | Found a shimmering altar of Xom.
   724 | D:2      | Found a hazy altar of Hepliaklqana.
   778 | D:2      | Reached XP level 3. HP: 26/26 MP: 4/9
  1011 | D:2      | Reached XP level 4. HP: 25/33 MP: 6/11
  1026 | D:2      | You fall into a shaft and drop 1 floor!
  1289 | D:3      | Reached skill level 4 in Earth Magic
  1770 | D:3      | Found a shadowy altar of Dithmenos.
  1808 | D:3      | Reached XP level 5. HP: 17/38 MP: 5/13
  2271 | D:4      | Noticed an ogre
  2279 | D:4      | Killed an ogre
  2298 | D:4      | Noticed Sigmund
  2309 | D:4      | Killed Sigmund
  2309 | D:4      | Reached skill level 5 in Earth Magic
  2309 | D:4      | Reached XP level 6. HP: 17/45 MP: 9/16
  2400 | D:4      | Learned a level 3 spell: Stone Arrow
  2458 | D:4      | Found a transporter.
  2469 | D:4      | Reached skill level 5 in Spellcasting
  2469 | D:4      | Reached XP level 7. HP: 7/50 MP: 13/18
  2656 | D:4      | Identified the +3 spear of Putrescence {venom, -Tele rPois
                  | MR+ Stlth+}
  2719 | D:4      | Found Wuuruzut's Gadget Emporium.
  2773 | D:4      | Reached skill level 6 in Earth Magic
  2808 | D:4      | Found a transporter.
  2942 | D:4      | Got a steaming scimitar
  2943 | D:4      | Identified the +7 scimitar "Hootuts" {holy, *Rage rElec
                  | Str+7 Int+4} (You found it on level 4 of the Dungeon)
  2963 | D:4      | Noticed Kagalorn's ghost (amateur GnWn)
  3004 | D:4      | Killed Kagalorn's ghost
  3354 | D:5      | Entered Level 5 of the Dungeon
  3374 | D:5      | Reached skill level 1 in Fighting
  3410 | D:5      | Reached XP level 8. HP: 33/61 MP: 16/20
  3437 | D:5      | Learned a level 5 spell: Lee's Rapid Deconstruction
  3442 | D:5      | Learned a level 4 spell: Petrify
  3603 | D:5      | Reached skill level 7 in Earth Magic
  4303 | D:6      | Noticed a cyclops
  4306 | D:6      | HP: 3/66 [cyclops (11)]
  4310 | D:6      | Hit by a large rock thrown by a cyclops

Levels and vault maps discovered:
D:1:      evilmike_arrival_plus, layout_basic, chequers_mini_garden
D:2:      layout_loops_ring, nicolae_overflow_crystal_walls, xom_redecorated
D:3:      layout_loops_corners, old_standard_altar, minmay_bisected
D:4:      layout_rooms, gammafunk_ghost_gnarly_gnolls, serial_shops, shop,
          minivault_27, uniq_sigmund
D:5:      layout_basic, first_ration, minmay_misc_feat_chi
D:6:      hangedman_cross_stitches, layout_gridville,
          minmay_temple_entry_junction

Skill      XL: |  1  2  3  4  5  6  7  8 |
---------------+-------------------------+-----
Spellcasting   | 2 3 4 5 6 |  6.3
Earth Magic    | 3 4 5 6 7 |  7.2
Fighting       | 2 4 |  4.0
Dodging        | |  1.7
Stealth        | |  1.7
Transmutations | |  0.8

Action                   |  1- 3 |  4- 6 |  7- 9 || total
-------------------------+-------+-------+-------++-------
Melee: Unarmed           |    12 |       |       ||    12
       Short sword       |    24 |    35 |       ||    59
       Dagger            |       |    21 |    15 ||    36
       Scimitar          |       |       |    33 ||    33
 Cast: Sandblast         |    38 |    49 |    39 ||   126
       Stone Arrow       |       |       |     3 ||     3
       Lee's Rapid Decon |       |       |     1 ||     1
Evoke: Wand              |       |       |     5 ||     5
  Use: Scroll            |       |       |    13 ||    13
       Potion            |       |       |     4 ||     4
 Stab: Sleeping          |     4 |     1 |     2 ||     7
  Eat: Chunk             |       |     4 |     3 ||     7
       Ration            |       |       |     1 ||     1
Armor: Robe              |    17 |     4 |    11 ||    32
Dodge: Dodged            |    64 |    59 |    67 ||   190
       Rpst.: Scimitar   |       |       |    13 ||    13
